[Event "ICCopen2017"]
[Site "Internet Chess Club"]
[Date "2017.03.26"]
[Round "7"]
[White "OverSoul"]
[Black "DaffyDuck"]
[Result "0-1"]
[ICCResult "White forfeits on time"]
[WhiteElo "1305"]
[BlackElo "1700"]
[Opening "King's Indian: Torre attack"]
[ECO "A48"]
[NIC "QP.01"]
[Time "20:17:34"]
[TimeControl "180+0"]

1. d4 Nf6 2. Nf3 g6 3. Bg5 Bg7 4. c3 d6 5. Nbd2 Bf5 6. Bxf6 exf6 7. e4 Bd7
8. Bd3 O-O 9. O-O c5 10. Qc2 Nc6 11. Nb3 b6 12. dxc5 dxc5 13. Rad1 Qc7 14.
Bb5 Be6 15. Rd2 a6 16. Bxc6 Qxc6 17. Rfd1 Qb5 18. Rd6 Rfe8 19. R1d2 Rab8 20.
Qd1 a5 21. Nc1 Bh6 22. Re2 Bf4 23. Rd3 Bc4 24. b3 Bxd3 25. Qxd3 Qxd3 26.
Nxd3 Bc7 27. c4 Rbd8 28. Rd2 Rxe4 29. Kf1 f5 30. g3 h6 31. Nde1 Rxd2 32.
Nxd2 Re7 33. Nc2 Kg7 34. Ne3 f4 35. Nd5 Rd7 36. gxf4 Bd8 37. Ke2 h5 38. Kf3
f6 39. Ne4 Kf7 40. Nexf6 Bxf6 41. Ke4 Bd8 42. f5 g5 43. f6 Bxf6 44. Nxb6 Rd2
45. Na4 Rxf2 46. Nxc5 Rxh2 47. a4 g4 48. Nb7 Bc3 {White forfeits on time}
0-1

[Event "ICCopen2017"]
[Site "Internet Chess Club"]
[Date "2017.03.26"]
[Round "7"]
[White "blackjack721"]
[Black "croder"]
[Result "0-1"]
[ICCResult "White forfeits on time"]
[WhiteElo "1266"]
[BlackElo "1514"]
[Opening "Van't Kruijs opening"]
[ECO "A00"]
[Time "20:17:52"]
[TimeControl "180+0"]

1. e3 e5 2. e4 d6 3. c3 Nf6 4. h3 Be7 5. Nf3 h5 6. Ng5 c6 7. Bc4 d5 8. exd5
cxd5 9. Bb3 Nc6 10. d4 e4 11. f3 Bf5 12. fxe4 Nxe4 13. Nxe4 Bxe4 14. O-O Qd6
15. h4 Bxh4 16. Bf4 Qd7 17. Nd2 f5 18. Nxe4 fxe4 19. Qd2 O-O-O 20. Qe2 g5
21. Bh2 g4 22. g3 Be7 23. c4 Nxd4 24. Qd1 Nxb3 25. axb3 Bc5+ 26. Kh1 d4 27.
Bg1 e3 28. Qd3 Qc6+ 29. Kh2 h4 30. Qf5+ Kb8 31. Qxg4 hxg3+ 32. Kxg3 Rdg8 33.
Qxg8+ Rxg8+ 34. Kf4 Qf6+ 35. Ke4 Qg6+ 36. Kd5 b6 37. Bh2+ Ka8 38. Be5 Rd8+
39. Bd6 Qxd6+ 40. Ke4 Re8+ 41. Kd3 Qg6+ 42. Ke2 d3+ 43. Kf3 e2
{White forfeits on time}
0-1

[Event "ICCopen2017"]
[Site "Internet Chess Club"]
[Date "2017.03.26"]
[Round "7"]
[White "centralsquare"]
[Black "egyptiantiger"]
[Result "0-1"]
[ICCResult "White resigns"]
[WhiteElo "1466"]
[BlackElo "1724"]
[Opening "King's Indian: Zinnowitz variation"]
[ECO "E90"]
[NIC "KI.21"]
[Time "20:17:39"]
[TimeControl "180+0"]

1. d4 Nf6 2. c4 g6 3. Nc3 Bg7 4. e4 O-O 5. Nf3 d6 6. Bg5 h6 7. Bh4 Na6 8. a3
Qe8 9. Bd3 e5 10. Nb5 Nh5 11. O-O Nf4 12. dxe5 dxe5 13. Bc2 Bg4 14. h3 Bh5
15. Bg3 Rd8 16. Qc1 Nxh3+ 17. gxh3 Bxf3 18. Qe3 Bh5 19. Qxa7 Qe6 20. Bb3
Qxh3 21. Qe3 c6 22. Nc3 Nc5 23. Ba2 Ne6 24. Ne2 Rd2 25. Rae1 Rxb2 26. Bb1
Rxe2 27. Rxe2 Nd4 28. Bxe5 Nxe2+ 29. Qxe2 Bxe2 30. Re1 Bf3 {White resigns}
0-1

[Event "ICCopen2017"]
[Site "Internet Chess Club"]
[Date "2017.03.26"]
[Round "7"]
[White "justlucky"]
[Black "habishek"]
[Result "1-0"]
[ICCResult "Black checkmated"]
[WhiteElo "1195"]
[BlackElo "1086"]
[Opening "Philidor's defense"]
[ECO "C41"]
[NIC "KP.10"]
[Time "20:17:56"]
[TimeControl "180+0"]

1. e4 e5 2. Nf3 d6 3. Bc4 h6 4. d4 exd4 5. c3 dxc3 6. Nxc3 Nf6 7. O-O Be7 8.
Qb3 O-O 9. Be3 Nc6 10. Qc2 Bg4 11. h3 Bxf3 12. gxf3 Qd7 13. Kh2 a6 14. Rg1
Nh5 15. Bxh6 Bf6 16. Be3 b5 17. Bd3 g6 18. Nd5 Be5+ 19. f4 Bd4 20. e5 Bxe3
21. fxe3 dxe5 22. Bxg6 Ng7 23. Nf6+ Kh8 24. Nxd7 exf4 25. Nxf8 Rxf8 26. Be4
fxe3 27. Qe2 Nd4 28. Qg4 e2 29. Qxg7# {Black checkmated} 1-0

[Event "ICCopen2017"]
[Site "Internet Chess Club"]
[Date "2017.03.26"]
[Round "7"]
[White "Dewey"]
[Black "checkmatiste"]
[Result "0-1"]
[ICCResult "White resigns"]
[WhiteElo "1399"]
[BlackElo "1643"]
[Opening "QGD Slav defense"]
[ECO "D10"]
[NIC "SL.01"]
[Time "20:18:00"]
[TimeControl "180+0"]

1. c4 c6 2. d4 d5 3. e3 Nf6 4. Nc3 Bf5 5. Nf3 e6 6. a3 Bd6 7. Bd2 Nbd7 8. c5
Be7 9. Be2 Ne4 10. O-O O-O 11. Be1 h6 12. h3 Ndf6 13. Nd2 Nxd2 14. Bxd2 Ne4
15. Nxe4 Bxe4 16. f3 Bh7 17. Be1 Bf6 18. Bg3 Re8 19. Bd3 Bxd3 20. Qxd3 e5
21. Rae1 exd4 22. exd4 Qd7 23. Be5 Bxe5 24. Rxe5 Rxe5 25. dxe5 Re8 26. Re1
Qe7 27. f4 Qxc5+ 28. Kh1 g6 29. b4 Qc4 30. Qf3 h5 31. f5 d4 32. fxg6 fxg6
33. Qf6 Qe6 34. Qh4 b6 35. Qxd4 Qd5 36. Qf4 Qf7 37. Qg5 Qf5 38. Qg3 c5 39.
Kg1 cxb4 40. axb4 a5 41. Qc3 axb4 42. Qxb4 Rxe5 43. Rxe5 Qxe5 44. Qxb6 Qe8
45. Qb3+ Qf7 46. Qxf7+ Kxf7 47. Kf2 Kf6 48. Kf3 Kf5 49. g3 g5 50. g4+ hxg4+
51. hxg4+ Ke5 52. Ke3 Kd5 53. Kd3 Ke5 54. Ke3 Kd5 55. Kf3 Kd4 56. Ke2 Ke4
57. Kf2 Kf4 58. Kg2 Kxg4 {White resigns} 0-1

[Event "ICCopen2017"]
[Site "Internet Chess Club"]
[Date "2017.03.26"]
[Round "7"]
[White "DukeBishop"]
[Black "Bonao"]
[Result "0-1"]
[ICCResult "White forfeits on time"]
[WhiteElo "1548"]
[BlackElo "2011"]
[Opening "French defense"]
[ECO "C01"]
[NIC "FR.01"]
[Time "20:17:25"]
[TimeControl "180+0"]

1. e4 e6 2. d4 d5 3. c4 dxe4 4. Nc3 Nf6 5. f3 exf3 6. Nxf3 Be7 7. Bd3 a6 8.
O-O O-O 9. Kh1 b6 10. Bg5 Bb7 11. Qe2 Nbd7 12. Rad1 Re8 13. Ne5 Nf8 14. Bb1
Ng6 15. Bxf6 Bxf6 16. Ne4 Qe7 17. Qh5 Bxe5 18. Ng5 h6 19. Nxf7 Nf4 20. Nxh6+
gxh6 21. Qxh6 Bxg2+ 22. Kg1 Bxf1 23. dxe5 Qg7+ 24. Qxg7+ Kxg7 25. Kxf1 Rad8
{White forfeits on time}
0-1

[Event "ICCopen2017"]
[Site "Internet Chess Club"]
[Date "2017.03.26"]
[Round "7"]
[White "YHWH"]
[Black "dashingfox"]
[Result "0-1"]
[ICCResult "White forfeits on time"]
[WhiteElo "1524"]
[BlackElo "1886"]
[Opening "Benoni: 6.e4"]
[ECO "A65"]
[NIC "BI.38"]
[Time "20:17:36"]
[TimeControl "180+0"]

1. d4 Nf6 2. c4 c5 3. d5 e6 4. Nc3 exd5 5. cxd5 d6 6. e4 g6 7. Bg5 Bg7 8.
Bd3 h6 9. Bh4 O-O 10. Nge2 a6 11. a4 Re8 12. O-O g5 13. Bg3 Qe7 14. Qc2 Nbd7
15. f4 g4 16. Rae1 Nh5 17. e5 Nxg3 18. Nxg3 dxe5 19. fxe5 Bxe5 20. Nf5 Qg5
21. Ne4 Qg6 22. Nh4 Qh5 23. g3 Bd4+ 24. Kg2 Qxd5 25. Qe2 Ne5 26. Rf4 Nxd3
27. Qxd3 c4 28. Qf1 Be5 29. Rxg4+ Bxg4 30. Kf2 Bd4+ 31. Kg2 f5 32. Nxf5 Bxf5
33. g4 Bxe4+ 34. Kg3 Qe5+ 35. Kh4 Qxh2+ 36. Qh3 Bf6+ {White forfeits on
time} 0-1

[Event "ICCopen2017"]
[Site "Internet Chess Club"]
[Date "2017.03.26"]
[Round "7"]
[White "wolfandcheapgin"]
[Black "Lzmann"]
[Result "0-1"]
[ICCResult "White checkmated"]
[WhiteElo "1261"]
[BlackElo "1583"]
[Opening "King's Indian: Makagonov system (5.h3)"]
[ECO "E71"]
[NIC "KI.30"]
[Time "20:17:41"]
[TimeControl "180+0"]

1. d4 Nf6 2. c4 g6 3. Nc3 Bg7 4. e4 d6 5. h3 O-O 6. Bg5 h6 7. Be3 Na6 8. a3
e5 9. d5 Nc5 10. Bxc5 dxc5 11. Nf3 Ne8 12. Bd3 Nd6 13. O-O b6 14. b4 f5 15.
bxc5 bxc5 16. Nd2 f4 17. g3 Bxh3 18. Re1 fxg3 19. fxg3 Qg5 20. Ne2 Qe3+ 21.
Kh1 Qxd3 22. Rb1 Rf2 23. Rb3 Bg2+ 24. Kh2 Bxe4+ 25. Kh3 Qc2 26. Qxc2 Bxc2
27. Re3 Bf5+ 28. Kh4 g5+ 29. Kh5 Rh2# {White checkmated} 0-1

[Event "ICCopen2017"]
[Site "Internet Chess Club"]
[Date "2017.03.26"]
[Round "7"]
[White "Sophiste"]
[Black "Cryptochess"]
[Result "1-0"]
[ICCResult "Black resigns"]
[WhiteElo "3145"]
[BlackElo "2550"]
[Opening "Réti opening"]
[ECO "A05"]
[NIC "QP.11"]
[Time "20:17:26"]
[TimeControl "180+0"]

1. Nf3 Nf6 2. b3 e6 3. Bb2 d5 4. g3 Be7 5. Bg2 O-O 6. O-O c5 7. c4 Nc6 8.
cxd5 exd5 9. d4 b6 10. Nc3 Bb7 11. Rc1 Rc8 12. dxc5 bxc5 13. Na4 Ne4 14. Ne1
Nb4 15. a3 Na6 16. Nd3 Qd7 17. Nf4 Rfd8 18. Bh3 f5 19. Qd3 g5 20. Nh5 d4 21.
f3 Nd6 22. Nxc5 Nxc5 23. Qxd4 Ne6 24. Qh8+ Kf7 25. Qxh7+ Ke8 26. Rcd1 Qb5
27. Bf6 Rc7 28. Qg6+ Kd7 29. Bxf5 Bd5 30. Bxe7 Kxe7 31. Qf6+ Kd7 32. Bxe6+
Bxe6 33. Rxd6+ Kxd6 34. Qxd8+ Rd7 35. Qf8+ Kc6 36. Rc1+ Kb7 37. Qc8+ Kb6 38.
Qb8+ Ka5 39. Qxb5+ Kxb5 40. Nf6 Rd2 41. Ne4 Ra2 42. Nc3+ {Black resigns} 1-0

[Event "ICCopen2017"]
[Site "Internet Chess Club"]
[Date "2017.03.26"]
[Round "7"]
[White "julkat-ch"]
[Black "DrJon"]
[Result "1-0"]
[ICCResult "Black checkmated"]
[WhiteElo "1830"]
[BlackElo "1351"]
[Opening "Caro-Kann defense"]
[ECO "B12"]
[NIC "CK.01"]
[Time "20:17:36"]
[TimeControl "180+0"]

1. e4 c6 2. d4 g6 3. Nd2 d6 4. Ngf3 Bg7 5. Bd3 Bd7 6. c3 Nf6 7. O-O O-O 8.
Re1 Re8 9. h3 a6 10. Nf1 b5 11. Be3 a5 12. Qd2 b4 13. Ng3 bxc3 14. bxc3 a4
15. e5 dxe5 16. Nxe5 Nd5 17. c4 Nxe3 18. Qxe3 Bxe5 19. dxe5 e6 20. Rad1 Qe7
21. Ne4 f5 22. Nf6+ Kg7 23. Nxe8+ Bxe8 24. a3 Nd7 25. Bf1 Rb8 26. Rd6 Nb6
27. Red1 Rb7 28. f4 h5 29. g3 h4 30. g4 fxg4 31. hxg4 Bf7 32. R1d2 Qc7 33.
Rh2 Qe7 34. Qf2 Rd7 35. Rxd7 Nxd7 36. Rxh4 Qc5 37. Rh2 Qxa3 38. Qh4 Qf8 39.
Qh6+ Kg8 40. Qh7# {Black checkmated} 1-0

[Event "ICCopen2017"]
[Site "Internet Chess Club"]
[Date "2017.03.26"]
[Round "7"]
[White "ehkopean"]
[Black "blunder23"]
[Result "0-1"]
[ICCResult "White forfeits on time"]
[WhiteElo "1672"]
[BlackElo "1483"]
[Opening "Sicilian: Alapin's variation (2.c3)"]
[ECO "B22"]
[NIC "SI.46"]
[Time "20:17:26"]
[TimeControl "180+0"]

1. e4 c5 2. c3 e5 3. d4 cxd4 4. cxd4 exd4 5. Qxd4 Nc6 6. Qd1 Nf6 7. Nc3 Bb4
8. Bd3 O-O 9. Nf3 d5 10. exd5 Nxd5 11. O-O Nxc3 12. bxc3 Bxc3 13. Rb1 Bg4
14. Bxh7+ Kxh7 15. Qc2+ f5 16. Qxc3 Bxf3 17. Qxf3 Qe8 18. Rxb7 Nd4 19. Qh3+
Kg8 20. Bb2 Ne2+ 21. Kh1 Rf7 22. Rxf7 Qxf7 23. Re1 Re8 24. Bc3 Nf4 25. Rxe8+
Qxe8 26. Qg3 Nh5 27. Qd3 Qc8 28. h3 Nf4 29. Qf3 Ne2 30. Qxe2 Qxc3 31. Qe6+
Kh7 32. Qxf5+ Kg8 33. Qe6+ Kh8 34. Qe8+ Kh7 35. Qh5+ Kg8 36. Qe8+ Kh7 37.
Qh5+ Kg8 38. Qe8+ Kh7 {White forfeits on time} 0-1

[Event "ICCopen2017"]
[Site "Internet Chess Club"]
[Date "2017.03.26"]
[Round "7"]
[White "Massada"]
[Black "CapitanCentella"]
[Result "0-1"]
[ICCResult "White resigns"]
[WhiteElo "1525"]
[BlackElo "1807"]
[Opening "Ruy Lopez: exchange variation, 5.O-O"]
[ECO "C68"]
[NIC "RL.08"]
[Time "20:17:54"]
[TimeControl "180+0"]

1. e4 e5 2. Nf3 Nc6 3. Bb5 a6 4. Bxc6 dxc6 5. O-O Bg4 6. h3 Bxf3 7. Qxf3 Nf6
8. d4 Bd6 9. Rd1 Qe7 10. Nd2 O-O-O 11. Nc4 exd4 12. Bg5 Be5 13. Qf5+ Kb8 14.
Nxe5 h6 15. Bxf6 gxf6 16. Ng4 Qb4 17. Qxf6 Rhg8 18. c3 Qf8 19. Rxd4 Rxd4 20.
cxd4 h5 21. Ne3 Rg6 22. Qf3 Qg8 23. Rc1 Qg7 24. Rc3 Qxd4 25. Rb3 Rd6 26.
Qxf7 Rd7 27. Qe8+ Ka7 28. Kh2 Rd6 29. Qe5 Qd2 30. Qa5 Qxa5 {White resigns}
0-1

[Event "ICCopen2017"]
[Site "Internet Chess Club"]
[Date "2017.03.26"]
[Round "7"]
[White "UnderArmour"]
[Black "JJ12"]
[Result "0-1"]
[ICCResult "White checkmated"]
[WhiteElo "1962"]
[BlackElo "2408"]
[Opening "Two knights defense"]
[ECO "C55"]
[NIC "IG.01"]
[Time "20:17:57"]
[TimeControl "180+0"]

1. e4 e5 2. Nf3 Nc6 3. Bc4 Nf6 4. O-O Be7 5. d4 d6 6. dxe5 Nxe5 7. Nxe5 dxe5
8. Qxd8+ Bxd8 9. Nc3 c6 10. Be3 O-O 11. f3 Bb6 12. Bxb6 axb6 13. a3 b5 14.
Bb3 Re8 15. Rad1 Be6 16. Bxe6 Rxe6 17. Rd3 Kf8 18. Rfd1 Ree8 19. Kf2 Ke7 20.
g4 Red8 21. Ke3 Nd7 22. Ne2 Nb6 23. Rxd8 Nc4+ 24. Kf2 Rxd8 25. Rxd8 Kxd8 26.
b3 Nxa3 27. c3 Nc2 28. Ng3 b4 29. cxb4 g6 30. b5 cxb5 31. Ne2 Kc7 32. Nc3
Kc6 33. Nd5 Kc5 34. h4 h6 35. g5 hxg5 36. hxg5 b4 37. Ne7 Nd4 38. Ng8 Kd6
39. Nh6 Ke6 40. Ke3 Nxb3 41. Kd3 Nd4 42. Kc4 Nxf3 43. Kxb4 Nxg5 44. Ng4 Nxe4
45. Ne3 f5 46. Kb5 f4 47. Nf1 Nf6 48. Kb6 g5 49. Kxb7 Kf5 50. Kc6 e4 51. Kc5
e3 52. Nh2 g4 53. Kc4 e2 54. Kd3 e1=Q 55. Kc2 Qe2+ 56. Kc3 Qxh2 57. Kd4 g3
58. Kc3 g2 59. Kd4 Qg3 60. Kc4 g1=Q 61. Kb5 Qb1+ 62. Kc6 Qc3+ 63. Kd6 Qbd3+
64. Ke7 Qc7+ 65. Kf8 Qdd8# {White checkmated} 0-1

[Event "ICCopen2017"]
[Site "Internet Chess Club"]
[Date "2017.03.26"]
[Round "7"]
[White "DreadHead"]
[Black "F83"]
[Result "1-0"]
[ICCResult "Black checkmated"]
[WhiteElo "2431"]
[BlackElo "1890"]
[Opening "Nimzovich-Larsen attack: modern variation"]
[ECO "A01"]
[NIC "VO.08"]
[Time "20:17:39"]
[TimeControl "180+0"]

1. b3 e5 2. Bb2 Nc6 3. e3 Nf6 4. Bb5 Bd6 5. Na3 Na5 6. Be2 a6 7. c4 Qe7 8.
Nc2 b5 9. cxb5 axb5 10. Bxb5 Ba6 11. Bxa6 Rxa6 12. Nf3 O-O 13. d3 Nc6 14.
O-O Nd5 15. a3 Rb8 16. b4 Raa8 17. Re1 Nb6 18. Rb1 Na4 19. Ba1 Na7 20. e4
Nb5 21. d4 Nbc3 22. Qd3 Nxb1 23. dxe5 Bc5 24. Rxb1 Bb6 25. Rd1 Rd8 26. Nfd4
c5 27. Nf5 Qf8 28. b5 g6 29. Nd6 Ba5 30. Ne3 Nb6 31. Nd5 c4 32. Nf6+ Kg7 33.
Qh3 h5 34. e6 dxe6 35. Nxh5+ Kg8 36. Nf6+ Kg7 37. Qh7# {Black checkmated}
1-0

[Event "ICCopen2017"]
[Site "Internet Chess Club"]
[Date "2017.03.26"]
[Round "7"]
[White "chuckechess"]
[Black "jncool68"]
[Result "0-1"]
[ICCResult "White resigns"]
[WhiteElo "2516"]
[BlackElo "2831"]
[Opening "English, 1...Nf6 (Anglo-Indian defense)"]
[ECO "A15"]
[NIC "RE.06"]
[Time "20:17:39"]
[TimeControl "180+0"]

1. c4 Nf6 2. g3 c6 3. Bg2 d5 4. Nf3 Bf5 5. cxd5 cxd5 6. Qb3 Bc8 7. O-O Nc6
8. d3 e6 9. Nc3 Be7 10. Bf4 O-O 11. Rac1 a6 12. e4 d4 13. Na4 Nd7 14. e5 Rb8
15. Rxc6 bxc6 16. Qc4 c5 17. a3 Bb7 18. b4 Bd5 19. Qc2 cxb4 20. axb4 Rxb4
21. Bd2 Bb3 22. Qb2 Rb8 23. Qa1 Bd5 24. Qxd4 Bxf3 25. Bxf3 Nc5 26. Qg4 Qxd3
27. Nxc5 Bxc5 28. Bg5 Rfc8 29. Be4 Qc3 30. Bf6 Bf8 31. h4 Rb4 32. h5 Rcc4
33. Bxg7 Bxg7 34. h6 Qxe5 35. f4 Qf6 36. hxg7 Rxe4 37. Rc1 Rec4 38. Rd1 Rb8
{White resigns}
0-1

[Event "ICCopen2017"]
[Site "Internet Chess Club"]
[Date "2017.03.26"]
[Round "7"]
[White "jaybird"]
[Black "TaijiChess22"]
[Result "0-1"]
[ICCResult "White forfeits on time"]
[WhiteElo "1527"]
[BlackElo "1892"]
[Opening "Queen's pawn game, Darooha variation "]
[ECO "D02"]
[NIC "QP.06"]
[Time "20:17:17"]
[TimeControl "180+0"]

1. d4 Nf6 2. Nf3 d5 3. g3 Bg4 4. Bg2 Qd7 5. h3 Bxf3 6. Bxf3 e6 7. Bg2 Be7 8.
O-O O-O 9. Nd2 c5 10. c3 Nc6 11. a3 cxd4 12. c4 dxc4 13. Nxc4 Rfd8 14. Bg5
h6 15. Bf4 Nd5 16. Bd2 b5 17. e4 Nc7 18. Na5 Rab8 19. Nb3 e5 20. Kh2 Ne6 21.
Rc1 Rdc8 22. f4 f6 23. f5 Nf8 24. Qf3 d3 25. Rfd1 a5 26. Nxa5 Nxa5 27. Bxa5
Rxc1 28. Rxc1 Bd6 29. Rd1 Qa7 30. Bc3 b4 31. axb4 Bxb4 32. Qxd3 Bxc3 33.
bxc3 Qf7 34. Rc1 Rc8 35. c4 Nd7 36. Bf1 Nc5 {White forfeits on time} 0-1

[Event "ICCopen2017"]
[Site "Internet Chess Club"]
[Date "2017.03.26"]
[Round "7"]
[White "giovana64"]
[Black "hgarjur"]
[Result "1-0"]
[ICCResult "Black checkmated"]
[WhiteElo "1626"]
[BlackElo "1877"]
[Opening "Dutch: Leningrad, main variation with c6"]
[ECO "A88"]
[NIC "HD.06"]
[Time "20:18:49"]
[TimeControl "180+0"]

1. d4 f5 2. c4 Nf6 3. Nf3 g6 4. g3 Bg7 5. Bg2 d6 6. O-O O-O 7. Nc3 c6 8. Rb1
Na6 9. b4 Nc7 10. a4 Rb8 11. b5 Bd7 12. Ba3 h6 13. Qc2 Kh7 14. e3 a6 15. c5
d5 16. Ne5 Be8 17. bxc6 bxc6 18. Rb6 Rxb6 19. cxb6 Ne6 20. a5 Qc8 21. Na4
Nd8 22. Bxe7 Rf7 23. Nxf7 Nxf7 24. Nc5 Nd7 25. b7 Qb8 26. Rb1 Nxc5 27. Bxc5
Bd7 28. Ba7 Qxa7 29. b8=Q Qxb8 30. Rxb8 Be6 31. Qxc6 Nd8 32. Rxd8 Bg8 33.
Bxd5 Bxd5 34. Qxd5 g5 35. Qg8+ Kg6 36. Rd6+ Kh5 37. Qxg7 g4 38. Rxh6#
{Black checkmated}
1-0

[Event "ICCopen2017"]
[Site "Internet Chess Club"]
[Date "2017.03.26"]
[Round "7"]
[White "Mormegil"]
[Black "Peaceful-Death"]
[Result "0-1"]
[ICCResult "White checkmated"]
[WhiteElo "1708"]
[BlackElo "2031"]
[Opening "QGD: exchange, Sämisch variation"]
[ECO "D37"]
[NIC "QI.01"]
[Time "20:18:33"]
[TimeControl "180+0"]

1. Nf3 Nf6 2. d4 e6 3. c4 d5 4. Nc3 Nbd7 5. cxd5 exd5 6. Bf4 c6 7. e3 Be7 8.
Bd3 O-O 9. O-O Re8 10. h3 Nf8 11. Rb1 Ng6 12. Bg3 Bd6 13. Bxd6 Qxd6 14. b4
a6 15. a4 Be6 16. b5 axb5 17. axb5 Qd7 18. bxc6 bxc6 19. Qc2 Bxh3 20. Bxg6
hxg6 21. Ne5 Qf5 22. Qxf5 Bxf5 23. Rb7 Be6 24. Nxc6 Rac8 25. Ne7+ Rxe7 26.
Rxe7 Rxc3 27. Ra1 g5 28. g3 g4 29. Ra8+ Kh7 30. Rb7 Rc2 31. Rbb8 Ne4 32. Rf8
Rc1+ 33. Kg2 Ng5 34. Rh8+ Kg6 35. Rh1 Rc2 36. Raa1 Bf5 37. Ra6+ f6 38. Ra7
Be4+ 39. Kg1 Rc1+ 40. Kh2 Rxh1# {White checkmated} 0-1

[Event "ICCopen2017"]
[Site "Internet Chess Club"]
[Date "2017.03.26"]
[Round "7"]
[White "Speiretti"]
[Black "Incognito"]
[Result "1-0"]
[ICCResult "Black resigns"]
[WhiteElo "1905"]
[BlackElo "1517"]
[Opening "QGD: Semi-Tarrasch"]
[ECO "D50"]
[NIC "QO.16"]
[Time "20:19:34"]
[TimeControl "180+0"]

1. d4 d5 2. c4 e6 3. Nc3 Nf6 4. Bg5 c5 5. cxd5 cxd4 6. Qxd4 Be7 7. Nf3 exd5
8. Rd1 Nc6 9. Qa4 Be6 10. Ne5 Qb6 11. e3 O-O 12. Nxc6 bxc6 13. Qc2 Rab8 14.
b3 Qa5 15. Bd3 Bb4 16. Bxf6 gxf6 17. Rc1 Kg7 18. O-O h5 19. Ne2 c5 20. Nf4
h4 21. Bf5 Rb6 22. Bxe6 fxe6 23. Qg6+ Kh8 24. Nh5 Rb7 25. Nxf6 Qc7 26. Qh6+
{Black resigns}
1-0

[Event "ICCopen2017"]
[Site "Internet Chess Club"]
[Date "2017.03.26"]
[Round "7"]
[White "qpr"]
[Black "Koval"]
[Result "0-1"]
[ICCResult "White forfeits on time"]
[WhiteElo "1632"]
[BlackElo "1959"]
[Opening "Benkö gambit"]
[ECO "A59"]
[NIC "BI.45"]
[Time "20:17:25"]
[TimeControl "180+0"]

1. d4 Nf6 2. c4 c5 3. d5 b5 4. cxb5 a6 5. bxa6 Bxa6 6. Nc3 d6 7. e4 Bxf1 8.
Kxf1 g6 9. g3 Bg7 10. Kg2 O-O 11. h3 Nfd7 12. Nge2 Nb6 13. Qc2 Na6 14. a3
Nc7 15. h4 h5 16. b3 Qd7 17. Bb2 Rfb8 18. Na2 Bxb2 19. Qxb2 Nc4 20. Qc3 Nxa3
21. Rhc1 Nab5 22. Qd2 Ra3 23. b4 Na6 24. bxc5 Nxc5 25. Rab1 Nxe4 26. Qb4 Qf5
27. Nf4 Rxa2 28. Rf1 Kh7 29. Qc4 Ra3 30. Rxb5 Rxb5 31. Qxb5 Qg4 32. Qe2
Rxg3+ 33. fxg3 Qxg3+ 34. Kh1 Qxh4+ 35. Kg1 Ng3 36. Qg2 Qg4 37. Rf3 h4 38.
Rxg3 hxg3 39. Qh3+ Qxh3 {White forfeits on time} 0-1

[Event "ICCopen2017"]
[Site "Internet Chess Club"]
[Date "2017.03.26"]
[Round "7"]
[White "aravind6904"]
[Black "soyleyenda"]
[Result "0-1"]
[ICCResult "White forfeits on time"]
[WhiteElo "1461"]
[BlackElo "1623"]
[Opening "Sicilian: accelerated fianchetto, modern variation"]
[ECO "B34"]
[NIC "SI.33"]
[Time "20:17:50"]
[TimeControl "180+0"]

1. e4 c5 2. Nf3 Nc6 3. d4 cxd4 4. Nxd4 g6 5. Nc3 Bg7 6. Nxc6 bxc6 7. Bd3 Nf6
8. O-O O-O 9. Be3 d5 10. exd5 cxd5 11. Bf4 d4 12. Ne4 Nxe4 13. Bxe4 Ba6 14.
Bxa8 Bxf1 15. Qxf1 Qxa8 16. Qd3 e5 17. Bg3 Kh8 18. Re1 Qd5 19. b3 f5 20. f3
Re8 21. c3 e4 22. fxe4 fxe4 23. Qd2 d3 24. c4 Qc5+ 25. Bf2 Bd4 26. Bxd4+
Qxd4+ 27. Kh1 e3 28. Qd1 e2 29. Qd2 Qf2 30. h3 Qxe1+ 31. Qxe1 Rf8 32. Qc3+
Kg8 33. c5 Rf1+ 34. Kh2 e1=Q 35. Qc4+ Rf7 36. Qxd3 Qe5+ 37. Kh1 Qxc5 38.
Qd8+ Kg7 39. Qd1 Qf5 40. Qd4+ Kg8 41. Qd8+ Rf8 42. Qd2 Qf1+ 43. Kh2 Qf4+ 44.
Qxf4 Rxf4 45. g3 Rb4 46. Kg2 a5 47. Kf3 a4 48. bxa4 Rxa4 49. Ke3 Rxa2 50. g4
Ra3+ 51. Kf4 Rxh3 52. Kg5 Ra3 53. Kf6 Ra6+ 54. Ke5 Kg7 55. Kf4 h6 56. g5 h5
{White forfeits on time}
0-1

[Event "ICCopen2017"]
[Site "Internet Chess Club"]
[Date "2017.03.26"]
[Round "7"]
[White "carpedef"]
[Black "NomDeGuerre"]
[Result "0-1"]
[ICCResult "White forfeits on time"]
[WhiteElo "1786"]
[BlackElo "2012"]
[Opening "Ruy Lopez: modern Steinitz defense, 5.O-O"]
[ECO "C72"]
[NIC "RL.10"]
[Time "20:17:33"]
[TimeControl "180+0"]

1. e4 e5 2. Nf3 Nc6 3. Bb5 a6 4. Ba4 d6 5. O-O Bd7 6. Re1 Nge7 7. h3 Ng6 8.
c3 Be7 9. d4 h6 10. d5 Nb8 11. Bxd7+ Nxd7 12. c4 a5 13. Nc3 Nc5 14. Be3 O-O
15. Nd2 Nd3 16. Rf1 Bg5 17. Qc2 Bxe3 18. fxe3 Nc5 19. b3 Qg5 20. Rae1 Nh4
21. Re2 f5 22. exf5 Rxf5 23. Nf3 Nxf3+ 24. Kh1 Nd4 25. Rxf5 Nxf5 26. Re1 Rf8
27. e4 Ng3+ 28. Kh2 Qf4 29. Kg1 Rf6 30. a3 Nd3 31. Rd1 Qf2+ 32. Qxf2 Nxf2
33. Re1 Nd3 34. Re3 Rf1+ 35. Kh2 Nf4 36. Rxg3 g5 37. Nb5 Ne2 38. Rf3 Rxf3
39. gxf3 Nd4 40. Nxc7 Nxf3+ {White forfeits on time} 0-1

[Event "ICCopen2017"]
[Site "Internet Chess Club"]
[Date "2017.03.26"]
[Round "7"]
[White "Nc3-4Me"]
[Black "starfiasch"]
[Result "1-0"]
[ICCResult "Black forfeits on time"]
[WhiteElo "1808"]
[BlackElo "1517"]
[Opening "Caro-Kann: Tartakower (Nimzovich) variation"]
[ECO "B15"]
[NIC "CK.06"]
[Time "20:17:28"]
[TimeControl "180+0"]

1. Nc3 c6 2. d4 d5 3. e4 dxe4 4. Nxe4 Nf6 5. Nxf6+ exf6 6. Nf3 Be7 7. Be2
O-O 8. O-O Bg4 9. c4 Nd7 10. a3 Re8 11. b4 a5 12. Bd2 axb4 13. Bxb4 Nb6 14.
Bxe7 Qxe7 15. Re1 Rxa3 16. Rb1 Qc7 17. Qc1 Ra4 18. Qb2 Nxc4 19. Bxc4 Rxe1+
20. Nxe1 Rxc4 21. Qxb7 Qxb7 22. Rxb7 g6 23. f3 Be6 24. Rb8+ Kg7 25. Rb6 Bd5
26. Nd3 Rxd4 27. Nc5 Rd2 28. Rb8 f5 29. h4 h6 30. Nb3 Rc2 31. Nd4 Rd2 32.
Rb4 c5 33. Rb2 Rd1+ 34. Kh2 cxd4 35. Kg3 d3 36. Kf2 Rc1 37. Rd2 Rc2 38. Ke3
Rxd2 39. Kxd2 Bc4 40. Kc3 g5 41. h5 Kf6 42. g3 Ke5 43. Kd2 Kd4 44. f4 f6 45.
g4 gxf4 46. g5 fxg5 47. Ke1 {Black forfeits on time} 1-0

[Event "ICCopen2017"]
[Site "Internet Chess Club"]
[Date "2017.03.26"]
[Round "7"]
[White "TrendFriend"]
[Black "dhar2603"]
[Result "1-0"]
[ICCResult "Black resigns"]
[WhiteElo "2412"]
[BlackElo "1877"]
[Opening "Sicilian"]
[ECO "B50"]
[NIC "SI.01"]
[Time "20:18:26"]
[TimeControl "180+0"]

1. e4 c5 2. Nf3 d6 3. Nc3 Nf6 4. e5 dxe5 5. Nxe5 e6 6. g3 Bd6 7. Nc4 Bc7 8.
Bg2 O-O 9. O-O a6 10. a4 Nbd7 11. d4 Rb8 12. a5 cxd4 13. Qxd4 Qe7 14. Re1
Qc5 15. Be3 Qxd4 16. Bxd4 Re8 17. Rad1 h6 18. Na4 e5 19. Ba7 Ra8 20. Be3 e4
21. Bd4 Rb8 22. c3 Kf8 23. b4 Ne5 24. Nxe5 Bxe5 25. Bc5+ Kg8 26. Bxe4 Bd7
27. Nb6 Bxc3 28. Nxd7 Nxd7 29. Bh7+ Kxh7 30. Rxe8 Rxe8 31. Rxd7 Kg6 32. Rxb7
Re1+ 33. Kg2 Rb1 34. Rb6+ f6 35. Rxa6 Bxb4 36. Rb6 {Black resigns} 1-0